 Dungeon Crawl Stone Soup version 0.29.1-2-gbd0b4ee654 (webtiles) character file.

Game seed: 1666573746315695667

92 GorkyZ the Trooper (level 4, -2/35 HPs)
             Began as a Demonspawn Fighter on Nov 18, 2022.
             Slain by Ijyb
             ... wielding a +4 dagger of venom
              (6 damage)
             ... on level 3 of the Dungeon on Nov 19, 2022.
             The game lasted 00:06:24 (2492 turns).

GorkyZ the Trooper (Demonspawn Fighter)             Turns: 2492, Time: 00:06:24

Health: -2/35      AC:  8    Str: 17    XL:     4   Next: 35%
Magic:  4/4        EV:  9    Int:  9    God:
Gold:   33         SH:  0    Dex: 14    Spells: 3/3 levels left

rFire   . . .      SeeInvis .   a - +0 war axe
rCold   . . .      Faith    .   c - +0 buckler
rNeg    . . .      Spirit   .   b - +0 scale mail
rPois   .          Reflect  .   (no helmet)
rElec   .          Harm     .   (no cloak)
rCorr   .          Rampage  .   (no gloves)
Will    .....                   (no boots)
Stlth   ..........              (no amulet)
HPRegen 0.11/turn               (no ring)
MPRegen 0.09/turn               (no ring)

@: confused
A: claws 1, icy blue scales 1, demonic guardian 1
a: no special abilities


You were on level 3 of the Dungeon.
You visited 1 branch of the dungeon, and saw 3 of its levels.

You collected 33 gold pieces.

Inventory:

Hand Weapons
 a - a +0 war axe (weapon)
Missiles
 j - 3 poisoned darts (quivered)
Armour
 b - a +0 scale mail (worn)
 c - a +0 buckler (worn)
Scrolls
 e - 3 scrolls of identify {unknown}
 f - a scroll of noise {unknown}
 g - a scroll of vulnerability {unknown}
 h - a scroll of amnesia {unknown}
 i - a scroll of teleportation {unknown}
Potions
 d - 2 potions of might
 k - a potion of attraction {unknown}
 l - a potion of invisibility {unknown}
 m - a potion of curing {unknown}


   Skills:
 + Level 3.5 Fighting
 + Level 2.3(2.5) Axes
 + Level 1.2(2.0) Maces & Flails
 + Level 0.2 Throwing
 + Level 3.2 Armour
 + Level 3.1 Shields


You had 3 spell levels left.
You didn't know any spells.
Your spell library contained the following spells:

 Spells                   Type           Power      Damage    Failure   Level
 Apportation              Tloc           0%         N/A       87%         1
 Alistair's Intoxication  Tmut/Pois      0%         N/A       100%        5


Dungeon Overview and Level Annotations

Branches:
Dungeon (3/15)

Altars:

Annotations:
D:3 Ijyb


Innate Abilities, Weirdness & Mutations

You have sharp fingernails.
You are partially covered in icy blue scales. (AC +2)
A weak demonic guardian rushes to your aid.


Message History

The bat hits you but does no damage. The worm barely misses you.
Ijyb screams, "I cut your head off!" The bat hits you but does no damage.
You hit the bat.
You kill the bat!
You hit the worm. The worm bites you! Ijyb attacks as you move away!
Ijyb hits you but does no damage.
You are poisoned.
An adder comes into view.
You feel sick.
The adder hisses angrily.
Ijyb grins evilly.
Ijyb attacks as you move away! Ijyb barely misses you.
You feel sick.
You feel sick.
You feel sick.
You feel sick.
You are no longer poisoned.
Ijyb zaps a wand.
You resist with some effort.
You bump into the rock wall.
The adder bites you but does no damage.
You're too confused to move!
The adder bites you but does no damage. The adder bites you but does no damage.
The adder closely misses you.
You bump into the rock wall.
You feel less confused.
Ijyb zaps a wand.
Your will is overpowered!
You are confused.
The adder bites you.
* * * LOW HITPOINT WARNING * * *
A demonic guardian appears!
You bump into the rock wall.
Ijyb zaps a wand.
Your will is overpowered!
You are more confused.
The adder bites you but does no damage.
You're too confused to move!
The adder bites you but does no damage. Ijyb hits you but does no damage.
Your iron imp hits Ijyb but does no damage.
You miss Ijyb. You miss the adder. The adder bites you.
* * * LOW HITPOINT WARNING * * *
Ijyb hits you but does no damage.
Your iron imp closely misses Ijyb.
The adder closely misses you.
Ijyb hits you with a +4 dagger of venom.
You die...

#########
.......@###
......wSg5###
............####
.........#......
........#...###.
.........<..#
............##
####.........#
#.........#


You could see Ijyb (ally target), a worm, an adder and a friendly iron imp
(summoned).

Vanquished Creatures
  3 gnolls (D:2)
  An adder (D:2)
  3 dart slugs
  4 bats
  2 endoplasms
  2 giant cockroaches (D:2)
  A goblin (D:2)
  5 hobgoblins
  3 quokkas
  9 ball pythons
  A frilled lizard (D:1)
  4 rats
38 creatures vanquished.

Vanquished Creatures (collateral kills)
  An adder (D:2)
1 creature vanquished.

Grand Total: 39 creatures vanquished

Notes
Turn   | Place    | Note
-------+----------+-------------------------------------------
     0 | D:1      | GorkyZ the Demonspawn Fighter began the quest for the Orb.
     0 | D:1      | Reached XP level 1. HP: 18/18 MP: 1/1
   325 | D:1      | Gained mutation: You have sharp fingernails. [demonic
                  | ancestry]
   325 | D:1      | Reached XP level 2. HP: 13/24 MP: 2/2
   828 | D:1      | Found a faded altar of an unknown god.
  1204 | D:2      | Gained mutation: You are partially covered in icy blue
                  | scales. (AC +2) [demonic ancestry]
  1204 | D:2      | Reached XP level 3. HP: 28/29 MP: 3/3
  1218 | D:2      | Reached skill level 1 in Maces & Flails
  1743 | D:2      | Gained mutation: A weak demonic guardian rushes to your
                  | aid. [demonic ancestry]
  1743 | D:2      | Reached XP level 4. HP: 29/35 MP: 4/4
  2468 | D:3      | Noticed Ijyb
  2492 | D:3      | Slain by Ijyb

Illustrated notes

Levels and vault maps discovered:
D:1:      dpeg_arrival_rhombi, layout_loops_ring,
          hellmonk_ecumenical_altar_pennies_from_heaven
D:2:      layout_basic, serial_bayou_crossing
D:3:      layout_rooms, minmay_puff, uniq_ijyb

Skill      XL: |  1  2  3 |
---------------+----------+-----
Axes           | 2 |  2.3
Armour         | 3 |  3.2
Shields        | 3 |  3.1
Maces & Flails | 1 |  1.2
Fighting       | |  3.5
Throwing       | |  0.2

Action                   |  1- 3 |  4- 6 || total
-------------------------+-------+-------++-------
Melee: War axe           |    98 |    30 ||   128
Armor: Scale mail        |    48 |    26 ||    74
Dodge: Dodged            |    44 |    17 ||    61
Block: Buckler           |    34 |     5 ||    39
